Map: Stargazers

Players

ByuN - Winner!

  • Race: Terran Terran
  • Spawn Location: 1:00

Gerald

  • Race: Protoss Protoss
  • Spawn Location: 11:00

Event: DreamHack SC2 Masters 2022 Atlanta (Offline)

VOD

Have the link to the VOD?

Description

Time

  • Played on: Nov. 18, 2022, 2:14 p.m.
  • Length: 15:17

All games in this series

Show
View Real Time Build Order
Export as new Build Order

ByuN Terran - Winner!

Build Orders: Reaper Expand 

Get SALT Encoding   

  12  0:00  SCV  
  13  0:12  SCV  
  14  0:17  Supply Depot  
  14  0:24  SCV  
  15  0:38  SCV  
  15  0:39  Barracks  
  15  0:42  Refinery  
  16  0:50  SCV  
  17  1:02  SCV  
  18  1:15  SCV  
  19  1:26  Reaper  
  19  1:28  Orbital Command  
  20  1:39  Command Center  
  20  1:47  Supply Depot  
  20  1:53  SCV  
  21  1:58  Marine  
  22  2:06  Factory  
  22  2:07  SCV  
  23  2:12  Refinery  
  23  2:18  Barracks Reactor  
  23  2:19  SCV  
  24  2:31  SCV  
  25  2:43  SCV  
  26  2:50  Starport  
  28  2:51  Widow Mine  
  28  2:55  SCV  
  28  2:57  Marine x2  
  31  3:02  Orbital Command  
  31  3:08  SCV  
  31  3:11  Orbital Command  
  32  3:14  Barracks, Widow Mine  
  32  3:15  Marine x2  
  36  3:20  SCV  
  37  3:28  Medivac  
  37  3:32  Marine  
  37  3:33  Marine  
  42  3:35  Widow Mine  
  42  3:38  Supply Depot  
  42  3:39  SCV x2  
  45  3:51  SCV  
  45  3:55  SCV  
  46  3:57  Factory Tech Lab  
  46  3:58  Starport Tech Lab  
  46  3:59  Marine x2  
  46  4:01  Barracks Tech Lab  
  48  4:04  Refinery  
  48  4:05  Supply Depot  
  48  4:07  SCV x2  
  50  4:17  Marine x2  
  50  4:19  SCV x2  
  50  4:22  Stimpack  
  54  4:26  Marine  
  54  4:28  Siege Tank  
  58  4:31  SCV x2  
  58  4:32  Supply Depot  
  60  4:40  Marine x2  
  60  4:43  SCV x2  
  62  4:47  Engineering Bay  
  62  4:52  Barracks  
  62  4:53  Raven, Marine  
  62  4:55  Supply Depot  
  65  5:00  SCV x2  
  65  5:02  Siege Tank  
  70  5:15  Supply Depot  
  70  5:16  SCV x2, Marine x3  
  70  5:17  Terran Infantry Weapons Level 1  
  74  5:28  SCV x2  
  74  5:34  Marine x2  
  78  5:36  Refinery  
  78  5:37  Marine  
  78  5:38  Supply Depot  
  78  5:41  SCV  
  80  5:43  Supply Depot, Factory Reactor  
  80  5:45  SCV  
  80  5:46  Supply Depot  
  80  5:48  Starport Reactor  
  81  5:52  Combat Shield, Marauder  
  81  5:53  SCV  
  81  5:56  Marauder  
  86  6:00  Supply Depot  
  86  6:02  SCV  
  87  6:05  SCV  
  87  6:07  Concussive Shells  
  88  6:13  Supply Depot  
  88  6:20  Marauder, Marine  
  88  6:21  Marauder, Marine  
  94  6:28  Medivac x2  
  94  6:30  Widow Mine  
  94  6:31  Widow Mine  
  98  6:38  Supply Depot  
  98  6:39  Missile Turret  
  96  6:44  Command Center, Marine x2  
  100  6:49  Marauder x2  
  100  6:53  Barracks  
  102  6:54  Barracks  
  102  6:58  Medivac x2  
  106  7:01  SCV x2  
  106  7:04  Supply Depot  
  110  7:16  SCV x2  
  112  7:23  Ghost Academy  
  112  7:24  Supply Depot  
  112  7:26  Marauder x2, Marine  
  112  7:28  SCV x2, Marine  
  118  7:32  Terran Infantry Armor Level 1  
  117  7:40  SCV x2  
  119  7:46  Barracks Reactor  
  119  7:49  Marauder x2  
  123  7:52  SCV  
  123  7:53  SCV  
  123  7:55  Marine  
  125  7:59  Marine  
  125  8:05  SCV x2, Marauder  
  128  8:10  Widow Mine x2, Marauder x2  
  136  8:12  Marine  
  136  8:17  Marine  
  136  8:18  Enhanced Shockwaves  
  136  8:19  SCV x2  
  140  8:25  Ghost  
  142  8:29  Orbital Command  
  142  8:31  Ghost x2  
  146  8:35  Marine  
  146  8:36  Marine  
  146  8:39  Marine x2  
  146  8:40  Widow Mine  
  151  8:43  SCV  
  151  8:44  SCV  
  151  8:54  Ghost  
  151  8:56  SCV  
  151  8:57  Refinery  
  151  8:58  Refinery  
  151  8:59  Ghost x2  
  151  9:01  Marine x3  
  159  9:07  Widow Mine  
  161  9:11  Supply Depot  
  161  9:14  Supply Depot  
  161  9:19  SCV x2  
  161  9:20  SCV  
  161  9:23  Marauder  
  158  9:29  Medivac, Marauder x2  
  158  9:31  SCV x2  
  155  9:33  SCV  
  155  9:34  Marine  
  155  9:36  Widow Mine  
  154  9:41  Widow Mine  
  154  9:43  SCV x2  
  154  9:44  Medivac, Marauder  
  159  9:46  Marine x2  
  159  9:47  Marine  
  159  9:50  Marauder x2  
  165  9:58  Widow Mine  
  151  10:02  Marine  
  151  10:03  Command Center  
  151  10:05  Engineering Bay  
  151  10:06  Armory, Marauder  
  148  10:11  Marauder x2  
  148  10:14  Marine x3  
  148  10:20  Missile Turret, Marine  
  148  10:27  SCV x2, Marauder  
  142  10:32  Marine  
  142  10:33  Marauder x2  
  146  10:38  Marine x2  
  146  10:40  Marine  
  146  10:41  Barracks  
  146  10:42  Barracks x2  
  149  10:43  SCV x2  
  149  10:49  Widow Mine x2, Marauder, Marine  
  152  10:52  Medivac  
  152  10:54  Marauder x2  
  153  11:00  Terran Infantry Weapons Level 2, Terran Infantry Armor Level 2  
  137  11:10  Marauder, Marine x2  
  137  11:11  Marine x2  
  143  11:17  SCV x2  
  135  11:19  SCV  
  135  11:24  Widow Mine x2, Marauder x2  
  135  11:28  Marine x3  
  135  11:29  Marine  
  135  11:31  Marauder  
  137  11:36  Planetary Fortress  
  137  11:42  Command Center  
  137  11:45  Marauder x2  
  137  11:46  Widow Mine x2, Marine x4  
  149  11:50  Barracks Reactor, Barracks Tech Lab  
  149  11:51  Barracks Tech Lab  
  149  11:53  Marauder  
  149  12:02  Missile Turret  
  149  12:04  Marine x4  
  149  12:07  Widow Mine x2  
  154  12:10  Ghost x2  
  154  12:12  Marauder x2  
  154  12:14  Marauder  
  163  12:20  Medivac x2  
  163  12:22  Marine x4  
  164  12:28  Widow Mine  
  164  12:29  Widow Mine  
  165  12:33  Marauder x2  
  165  12:36  Marauder  
  167  12:39  Ghost  
  167  12:41  Marauder  
  167  12:44  Marine x2  
  167  12:45  Marine x4  
  167  12:50  Medivac x2, Widow Mine x2  
  181  12:54  Marauder  
  181  12:55  Marauder  
  181  12:57  Marauder  
  180  13:01  Marine  
  180  13:02  Marine  
  180  13:03  Marine  
  172  13:09  Marauder  
  172  13:11  Widow Mine, Planetary Fortress  
  174  13:16  Marauder x2  
  174  13:18  Marauder  
  173  13:20  Medivac x2, Marauder  
  168  13:30  Marauder  
  168  13:31  Marine x3  
  168  13:33  Widow Mine  
  168  13:34  Widow Mine  
  175  13:37  Missile Turret, Marauder  
  175  13:38  Marauder  
  175  13:40  Marauder  
  183  13:41  Marauder  
  183  13:43  Marine x2  
  185  13:50  Medivac x2  
  185  13:51  Marauder  
  185  13:55  Widow Mine x2  
  188  13:58  Marauder  
  188  13:59  Marauder  
  188  14:01  Marauder  
  188  14:02  Ghost  
  188  14:03  Marine  
  188  14:04  Marine x3  
  188  14:05  Marine x2  
  194  14:13  Marauder  
  185  14:20  Medivac x2, Marauder  
  185  14:21  Marauder, Marine x2  
  185  14:22  Marauder  
  197  14:26  Refinery, Missile Turret  
  197  14:28  SCV x2  
  197  14:30  SCV  
  200  14:34  Marauder  
  194  14:41  Marauder x2  
  194  14:42  Marauder  
  194  14:43  Marine x4  
  194  14:44  Marauder  
  199  14:46  Marine  
  199  14:47  Marine  
  195  14:55  Marauder  
  193  15:02  Command Center, SCV  
  193  15:06  Command Center  
Show
View Real Time Build Order
Export as new Build Order

Gerald Protoss 

Build Orders: 1 Gate Expand, Blink Stalkers 

Get SALT Encoding   

  12  0:00  Probe  
  13  0:12  Probe  
  14  0:17  Pylon  
  14  0:24  Probe (Chrono Boost)  
  16  0:36  Gateway  
  16  0:37  Probe (Chrono Boost)  
  16  0:42  Probe (Chrono Boost)  
  16  0:46  Assimilator  
  17  0:52  Probe  
  18  1:04  Probe  
  19  1:16  Probe  
  20  1:21  Nexus  
  20  1:28  Probe  
  21  1:35  Cybernetics Core  
  21  1:39  Assimilator  
  21  1:43  Probe  
  22  1:51  Pylon  
  22  1:55  Probe  
  23  2:07  Probe  
  23  2:08  Stalker (Chrono Boost)  
  25  2:19  Probe  
  26  2:24  Warp Gate  
  26  2:31  Sentry, Probe (Chrono Boost)  
  30  2:39  Probe (Chrono Boost)  
  30  2:43  Twilight Council, Probe (Chrono Boost)  
  31  2:48  Probe (Chrono Boost)  
  33  2:51  Probe (Chrono Boost)  
  33  2:55  Probe (Chrono Boost)  
  35  2:58  Gateway  
  35  2:59  Probe (Chrono Boost)  
  35  3:00  Probe (Chrono Boost)  
  36  3:10  Probe  
  36  3:11  Gateway  
  36  3:12  Probe  
  38  3:13  Stalker  
  40  3:25  Probe x2  
  42  3:28  Pylon  
  42  3:34  Blink (Chrono Boost)  
  42  3:37  Probe x2  
  44  3:49  Probe  
  44  3:50  Probe  
  45  3:58  Nexus  
  45  4:01  Probe  
  45  4:02  Probe  
  47  4:10  Pylon  
  47  4:13  Probe, Stalker x2  
  47  4:16  Stalker  
  54  4:20  Pylon  
  54  4:28  Probe x2  
  54  4:31  Pylon  
  56  4:40  Probe x2  
  56  4:44  Stalker  
  56  4:45  Stalker  
  60  4:52  Probe x2, Assimilator  
  62  4:54  Assimilator  
  62  5:01  Stalker  
  62  5:04  Probe x2  
  66  5:08  Pylon  
  66  5:15  Probe  
  66  5:16  Probe x2  
  69  5:24  Templar Archives  
  69  5:25  Forge  
  69  5:28  Probe (Chrono Boost), Stalker  
  62  5:29  Probe (Chrono Boost)  
  62  5:31  Probe (Chrono Boost)  
  64  5:37  Charge (Chrono Boost)  
  64  5:39  Probe x2 (Chrono Boost)  
  64  5:40  Probe (Chrono Boost)  
  67  5:45  Probe x2 (Chrono Boost), Stalker  
  67  5:46  Probe (Chrono Boost)  
  72  5:53  Psionic Storm  
  72  5:55  Probe (Chrono Boost)  
  75  5:59  Probe (Chrono Boost)  
  75  6:00  Probe (Chrono Boost)  
  75  6:01  Gateway x2  
  75  6:04  Probe (Chrono Boost)  
  75  6:06  Probe (Chrono Boost)  
  75  6:07  Probe  
  75  6:09  Pylon  
  78  6:14  Probe  
  78  6:17  Probe  
  80  6:19  Probe  
  80  6:21  Stalker x2  
  85  6:26  Probe  
  85  6:30  Protoss Ground Armor Level 1 (Chrono Boost)  
  84  6:40  Gateway  
  84  6:41  Gateway  
  84  6:46  Gateway  
  85  6:52  Robotics Facility  
  83  6:54  High Templar, Assimilator  
  83  6:55  Zealot  
  83  6:56  Probe, Pylon  
  83  7:00  Zealot x2  
  92  7:04  Probe  
  93  7:09  Zealot  
  93  7:10  Probe  
  93  7:13  Pylon  
  96  7:17  Shield Battery  
  96  7:20  High Templar  
  96  7:21  Probe  
  98  7:23  Shield Battery  
  98  7:25  Pylon  
  98  7:27  Nexus  
  97  7:30  Zealot, High Templar  
  97  7:32  Pylon  
  97  7:36  Probe  
  97  7:37  Stalker  
  104  7:38  Probe  
  104  7:41  Probe  
  106  7:45  Warp Prism (Chrono Boost)  
  106  7:49  Pylon  
  106  7:50  High Templar x2  
  105  7:58  Probe  
  105  8:05  Stalker x3  
  107  8:11  Shield Battery  
  107  8:13  Probe  
  108  8:23  Zealot x2, High Templar  
  108  8:24  Zealot x2  
  108  8:25  Probe x2  
  108  8:26  Probe  
  121  8:33  Robotics Bay  
  121  8:37  Probe  
  121  8:38  Probe  
  121  8:40  Zealot x3  
  121  8:42  Archon  
  121  8:47  Zealot x4  
  123  8:54  Probe x2  
  121  9:03  Pylon  
  121  9:04  Protoss Ground Weapons Level 1 (Chrono Boost), Zealot x4  
  121  9:07  Gateway  
  121  9:09  Zealot  
  129  9:11  Gateway, Pylon  
  129  9:15  Zealot x2  
  129  9:16  Zealot  
  110  9:24  Zealot x3  
  110  9:25  Zealot  
  114  9:35  Zealot  
  114  9:37  Disruptor  
  113  9:40  Zealot x3  
  113  9:43  Probe x3  
  113  9:44  Probe  
  113  9:45  Shield Battery  
  123  9:50  Zealot x4  
  119  9:55  Probe x2  
  97  10:02  Zealot x5  
  77  10:14  Stalker  
  77  10:15  Stalker x4  
  77  10:17  Probe  
  84  10:26  Disruptor (Chrono Boost), Stalker x3  
  90  10:31  Zealot x2  
  84  10:43  Zealot x4  
  82  10:52  Stalker x5  
  83  10:59  Disruptor (Chrono Boost)  
  83  11:00  Probe  
  74  11:06  Zealot x4  
  81  11:15  Zealot  
  81  11:16  Zealot x4  
  83  11:21  Probe  
  83  11:22  Disruptor  
  83  11:25  Photon Cannon  
  85  11:30  Stalker x3  
  91  11:33  Probe x2  
  91  11:38  Probe  
  94  11:40  Pylon  
  94  11:42  Probe  
  94  11:43  Robotics Facility  
  94  11:47  Photon Cannon  
  95  11:50  Stalker  
  95  11:51  Stalker  
  95  11:53  Probe  
  100  12:00  High Templar x2  
  100  12:01  Zealot x2, High Templar  
  106  12:07  Photon Cannon  
  104  12:09  Zealot x2  
  104  12:10  Archon  
  104  12:13  Photon Cannon  
  104  12:14  Probe  
  80  12:23  Stalker  
  80  12:24  Stalker x3  
  80  12:28  Probe x4  
  84  12:32  Zealot  
  86  12:40  Zealot x3, Probe (Chrono Boost)  
  86  12:43  Probe (Chrono Boost)  
  86  12:44  Probe x2 (Chrono Boost)  
  96  12:49  Zealot x4  
  103  12:54  Zealot x2  
  103  12:55  Probe x2 (Chrono Boost)  
  96  13:06  Stalker x3  
  96  13:10  Disruptor  
  93  13:28  Stalker x6  
  93  13:29  Probe  
  104  13:35  Zealot x3  
  104  13:39  Probe  
  111  13:46  Disruptor  
  113  13:52  Zealot x4  
  108  14:04  Nexus  
  108  14:06  Disruptor  
  97  14:19  Zealot  
  97  14:20  Zealot x5  
  109  14:25  Pylon  
  109  14:27  Disruptor  
  97  14:41  Zealot x2  
  97  14:42  Zealot x2  
  90  14:50  Probe  
  78  15:03  Nexus  
  78  15:05  Pylon  
Tags
 
Add a new tag
Caveats
  • Supply blocks, unpowered buildings, or Contaminate may cause inaccurate times.
  • Supply counts are checked every 10 seconds.